 Dungeon Crawl Stone Soup version 0.31.0-9-g3a7656b989 (webtiles) character file.

Game seed: 7287296308332564871

6 qw the Shooter (level 1, -1/10 HPs)
             Began as a Spriggan Hunter on Feb 2, 2024.
             Slain by a frilled lizard (3 damage)
             ... on level 1 of the Dungeon.
             The game lasted 00:00:01 (155 turns).

qw the Shooter (Spriggan Hunter)                     Turns: 155, Time: 00:00:02

Health: -1/10      AC:  2    Str:  7    XL:     1   Next: 75%
Magic:  2/2        EV: 18    Int: 10    God:
Gold:   0          SH:  0    Dex: 18    Spells: 0/0 levels left

rFire   . . .        a - +0 shortbow
rCold   . . .        (shield currently unavailable)
rNeg    . . .        c - +0 robe
rPois   .            (helmet restricted)
rElec   .            (no cloak)
rCorr   .            (gloves unavailable)
SInv    +            (boots unavailable)
Will    .....        (no amulet)
Stlth   ++           (no ring)
HPRegen 0.21/turn    (no ring)
MPRegen 0.08/turn

%: no passive effects
@: very quick
A: very small, no large weapons, unfitting armour, see invisible, speed 3
a: no special abilities


You were on level 1 of the Dungeon.
You visited 1 branch of the dungeon, and saw 1 of its levels.


Innate Abilities, Weirdness & Mutations

You are very small and have problems with some larger weapons.
You are too small for most types of armour.
You have supernaturally acute eyesight. (SInv)
You cover ground extremely quickly. (Speed+++)


   Skills:
 - Level 1.5 Fighting
 - Level 4.0 Ranged Weapons
 + Level 3.5 Dodging
 - Level 1.5 Stealth


You couldn't memorise any spells.
You didn't know any spells.
Your spell library was empty.

Inventory:

Hand Weapons
 a - a +0 shortbow (weapon)
Armour
 c - a +0 robe (worn)
Scrolls
 b - a scroll of butterflies
Potions
 d - a potion of attraction {unknown}

Dungeon Overview and Level Annotations

Branches:
Dungeon (1/15)

Altars:

Shops:
D:1 ?

Annotations:
D:1 exclusion: 5 jackals


Message History

The frilled lizard bites you but does no damage.
You shoot an arrow.
The arrow barely misses the frilled lizard.
The arrow hits the frilled lizard!
You kill the frilled lizard!
The frilled lizard bites you but does no damage.
The frilled lizard completely misses you.
You shoot an arrow. The arrow misses the frilled lizard.
The arrow hits the plant!
The plant begins to die.
The plant is lightly damaged.
The frilled lizard closely misses you.
You shoot an arrow.
The arrow closely misses the frilled lizard.
The arrow hits the plant but does no damage.
The plant is lightly damaged.
The jackal barely misses you.
The frilled lizard completely misses you.
You shoot an arrow. The arrow misses the frilled lizard.
The arrow hits the plant.
The plant is lightly damaged.
The jackal bites you.
The frilled lizard bites you but does no damage.
The jackal barely misses you.
You shoot an arrow. The arrow misses the frilled lizard.
The arrow hits the plant!
The plant is lightly damaged.
A nearby plant withers and dies.
The jackal bites you but does no damage.
The frilled lizard misses you. The jackal closely misses you.
You shoot an arrow.
The arrow closely misses the frilled lizard.
The frilled lizard bites you. The jackal bites you.
The frilled lizard closely misses you.
You shoot an arrow.
The arrow closely misses the frilled lizard.
The jackal completely misses you. The jackal bites you.
The frilled lizard barely misses you.
You shoot an arrow. The arrow misses the frilled lizard.
The jackal barely misses you. The frilled lizard bites you.
You die...

#...~~~P~.# #...#....
#...~~~~..# #...#....
#..~~~~~~.# #...#....
#..~~~~...# #...#....
#...hh~%~.# #...#....
#....h~~..##
#...#....
###.~~~~...#
#####....
#.~~~~~..###########
#####
#.~~~~~....h@.......
#..~~~~.....l........
#.~.~~~~~........!...
#.~~~~~P~............
#..P~~~~~...#########
#.~.P~~~.~.#.
...~~~.P..#..
..~~~~~P...$.


You could see a jackal and a frilled lizard.

Vanquished Creatures
  A bat (D:1)
  2 hobgoblins (D:1)
  A ball python (D:1)
  2 frilled lizards (D:1)
6 creatures vanquished.

Notes
Turn   | Place    | Note
-------+----------+-------------------------------------------
     0 | D:1      | qw the Spriggan Hunter began the quest for the Orb.
     0 | D:1      | Reached XP level 1. HP: 10/10 MP: 2/2
     0 | D:1      | 0 ||| qw: Version: 0.3-a-155-g5e7d8dd
     0 | D:1      | 0 ||| qw: Game counter: 2400
     0 | D:1      | 0 ||| qw: Melee chars always use a shield: true
     0 | D:1      | 0 ||| qw: God list: Okawaru
     0 | D:1      | 0 ||| qw: Allow faded altars: false
     0 | D:1      | 0 ||| qw: Do Orc after clearing Dungeon:15 true
     0 | D:1      | 0 ||| qw: Do second Lair branch before Depths: true
     0 | D:1      | 0 ||| qw: Lair rune preference: random
     0 | D:1      | 0 ||| qw: Goals: Normal
     0 | D:1      | 0 ||| PLANNING D:1-11
    37 | D:1      | Reached skill level 3 in Dodging
    91 | D:1      | Found Peraatt's Magic Scroll Boutique.
    99 | D:1      | 99 ||| SHOPLISTING 2 scrolls of identify (44 gold, have 0).
    99 | D:1      | 99 ||| SHOPLISTING scroll of identify (22 gold, have 0).
    99 | D:1      | 99 ||| SHOPLISTING scroll of teleportation (33 gold, have
                  | 0).
   154 | D:1      | HP: 2/10 [jackal (2)]
   155 | D:1      | Slain by a frilled lizard

Levels and vault maps discovered:
D:1:      lightli_arrival_quake, layout_basic, serial_shops, shop,
          chequers_big_river

Skill      XL: |  1 |
---------------+----+-----
Dodging        | 3 |  3.5
Fighting       | |  1.5
Ranged Weapons | |  4.0
Stealth        | |  1.5

Action                     || total
---------------------------++-------
   Fire: Shortbow          ||    28
 Armour: Robe              ||    14
  Dodge: Dodged            ||    28

Table legend:
 A = Non-vault XP
 B = Vault XP
 C = Vault XP percentage of total XP
 D = Non-vault monster count
 E = Vault monster count
 F = Vault count percentage of total count
                 A         B        C        D         E       F
            +---------+---------+-------+---------+---------+-------
      Total |       9 |       0 |   0.0 |       6 |       0 |   0.0
            +---------+---------+-------+---------+---------+-------
        D:1 |       9 |       0 |   0.0 |       6 |       0 |   0.0
            +---------+---------+-------+---------+---------+-------
